 Dungeon Crawl Stone Soup version 0.30-a0-283-gf371ce1921 (webtiles) character file.

Game seed: 3211206467139008176

37537 Bnni the Severer (level 13, -3/107 (109) HPs)
             Began as a Demonspawn Fighter on Oct 16, 2022.
             Was a Believer of Uskayaw.
             Slain by a profane servitor
             ... wielding a +2 whip
              (20 damage)
             ... on level 1 of the Abyss.
             The game lasted 00:43:56 (18935 turns).

Bnni the Severer (Demonspawn Fighter)              Turns: 18935, Time: 00:43:56

HP:   -3/107 (109)  AC: 22    Str: 21 (22) XL:     13   Next: 58%
MP:   23/23         EV:  9    Int: 10      God:    Uskayaw [**....]
Gold: 902           SH:  6    Dex:  9 (12) Spells: 12/12 levels left

rFire   . . .      SeeInvis +    a - +0 war axe
rCold   . . .      Faith    .    O - +2 buckler
rNeg    . . .      Spirit   .    i - +1 scale mail of Jeesuw {+Blink rElec}
rPois   +          Reflect  .    (helmet unavailable)
rElec   +          Harm     .    F - scarf {repulsion}
rCorr   .          Rampage  .    L - +0 pair of gloves
Will    .....                    v - +0 pair of boots
Stlth   ..........               (no amulet)
HPRegen 0.37/turn                K - ring of poison resistance
MPRegen 0.36/turn                x - +4 ring of protection

@: mighty, sanguine armoured, wreathed by umbra, lightly drained, repel missiles
A: antennae 3, ignite blood 2, magic regeneration, sanguine armour 2, inability
to read after injury 1
a: Renounce Religion, Evoke Blink, Stomp, Line Pass


You were on level 1 of the Abyss.
You worshipped Uskayaw.
Uskayaw was pleased with you.
You visited 2 branches of the dungeon, and saw 15 of its levels.
You visited the Abyss 1 time.

You collected 948 gold pieces.
You spent 46 gold pieces at shops.

Inventory:

Hand Weapons
 a - a +0 war axe (weapon)
 e - a +2 hand axe of venom
 G - a +5 hand axe
Armour
 i - the +1 scale mail of Jeesuw (worn) {+Blink rElec}
   (You found it on level 4 of the Dungeon)

   rElec:     It insulates you from electricity.
   +Blink:    It lets you blink.
 v - a +0 pair of boots (worn)
 w - a +0 plate armour
 F - a scarf of repulsion (worn)
 L - a +0 pair of gloves (worn)
 O - a +2 buckler (worn)
Jewellery
 x - a +4 ring of protection (right hand)
 y - a ring of protection from fire
 K - a ring of poison resistance (left hand)
 M - a ring of ice
Wands
 q - a wand of digging (3)
 r - a wand of acid (8)
 D - a wand of charming (7)
 J - a wand of roots (12)
Scrolls
 c - a scroll of torment {unknown}
 d - a scroll of brand weapon {unknown}
 g - 4 scrolls of enchant weapon {unknown}
 h - a scroll of silence
 j - 3 scrolls of fear {unknown}
 l - 4 scrolls of magic mapping {unknown}
 n - 2 scrolls of amnesia {unknown}
 u - a scroll of summoning {unknown}
 A - a scroll of blinking {unknown}
 B - 2 scrolls of poison {unknown}
 C - 2 scrolls of butterflies
 E - a scroll of immolation {unknown}
 I - 2 scrolls of enchant armour {unknown}
Potions
 m - a potion of curing
 p - 2 potions of attraction
 s - 10 potions of might
 t - a potion of magic
 z - 3 potions of lignification
 H - a potion of brilliance
Miscellaneous
 f - a box of beasts


   Skills:
 + Level 12.3 Fighting
 * Level 15.3 Axes
 - Level 2.6 Armour
 - Level 5.0 Shields
 + Level 14.3 Invocations


You had 12 spell levels left.
You didn't know any spells.
Your spell library contained the following spells:

 Spells                   Type           Power      Damage    Failure   Level
 Apportation              Tloc           0%         N/A       80%         1
 Kiss of Death            Conj/Necr      0%         2d5       80%         1
 Necrotise                Necr           0%         1d4       80%         1
 Slow                     Hex            0%         N/A       80%         1
 Summon Small Mammal      Summ           0%         N/A       80%         1
 Static Discharge         Conj/Air       0%         2-2/arc   90%         2
 Call Canine Familiar     Summ           0%         N/A       99%         3
 Confusing Touch          Hex            0%         N/A       99%         3
 Gell's Gravitas          Tloc           0%         N/A       99%         3
 Lesser Beckoning         Tloc           0%         N/A       99%         3
 Portal Projectile        Hex/Tloc       0%         N/A       99%         3
 Swiftness                Air            0%         N/A       99%         3
 Teleport Other           Tloc           0%         N/A       99%         3
 Tukima's Dance           Hex            0%         N/A       99%         3
 Vampiric Draining        Necr           0%         2d6       99%         3
 Vhi's Electric Charge    Tloc/Air       0%         N/A       99%         3
 Dispel Undead            Necr           0%         3d6       100%        4
 Leda's Liquefaction      Hex/Erth       0%         N/A       100%        4
 Passage of Golubria      Tloc           0%         N/A       100%        4
 Summon Lightning Spire   Summ/Air       0%         N/A       100%        4
 Arcjolt                  Conj/Air       0%         1d10      100%        5
 Blade Hands              Tmut           0%         N/A       100%        5
 Lightning Bolt           Conj/Air       0%         1d11      100%        5
 Summon Forest            Summ/Tloc      0%         N/A       100%        5
 Yara's Violent Unravell  Hex/Tmut       0%         3d3       100%        5
 Eringya's Noxious Bog    Tmut/Pois      0%         N/A       100%        6
 Enfeeble                 Hex            0%         N/A       100%        7
 Storm Form               Tmut/Air       0%         N/A       100%        7
 Summon Hydra             Summ           0%         N/A       100%        7
 Disjunction              Tloc           0%         N/A       100%        8
 Maxwell's Capacitive Co  Air            0%         ∞         100%        8


Dungeon Overview and Level Annotations

Branches:
Dungeon (13/15)            Temple (0/1) D:4            Lair (2/5) D:10
    Orc (0/2) D:11
  Swamp: Lair:2-3    Shoals: Lair:2-3     Snake: Lair:2-3    Spider: Lair:2-3
 Vaults: D:13-14

Altars:
Ashenzari
Fedhas
Gozag
Ru
Sif Muna
Uskayaw
Wu Jian
Xom
Yredelemnul

Shops:
D:5 *

Annotations:
D:4 2 runed translucent doors
Lair:2 Sonja


Innate Abilities, Weirdness & Mutations

You have a pair of large antennae on your head. (SInv)
Your demonic aura often causes spilled blood to erupt in flames.
You regenerate magic rapidly.
When seriously injured, your blood forms thick armour. (AC +9)
You occasionally lose the ability to read scrolls when taking damage.


Message History

You completely miss the profane servitor.
The profane servitor is lightly damaged.
The profane servitor hits you with a +2 whip.
* * * LOW HITPOINT WARNING * * *
The profane servitor draws strength from your injuries!
The profane servitor hits you but does no damage.
You miss the profane servitor.
The profane servitor is lightly damaged.
The profane servitor hits you but does no damage. x2
You miss the profane servitor.
The profane servitor is lightly damaged.
The profane servitor closely misses you.
The profane servitor hits you but does no damage.
You miss the profane servitor.
The profane servitor is lightly damaged.
You block the profane servitor's attack.
The profane servitor hits you but does no damage.
You slash the profane servitor!
The profane servitor is lightly damaged.
The profane servitor hits you with a +2 whip!
* * * LOW HITPOINT WARNING * * *
The profane servitor draws strength from your injuries!
The profane servitor hits you with a +2 whip.
* * * LOW HITPOINT WARNING * * *
You miss the profane servitor.
The profane servitor is lightly damaged.
The profane servitor hits you but does no damage.
The profane servitor hits you with a +2 whip.
* * * LOW HITPOINT WARNING * * *
You feel drained.
* * * LOW HITPOINT WARNING * * *
You feel better.
The profane servitor hits you but does no damage. x2
The profane servitor hits you with a +2 whip.
* * * LOW HITPOINT WARNING * * *
The profane servitor draws strength from your injuries!
The profane servitor hits you but does no damage.
You feel better.
The profane servitor hits you with a +2 whip!!
You die...

##### #. . #
#.#..###.## {
##.....@A..#
.....†.#..#...#
#..#...#.#...#
# # #...##..#.#
#..# ....# ....
....## .# ..
....# .. ... .


You could see a profane servitor.

Vanquished Creatures
  Kirke (D:12)
  A tentacled starspawn (Abyss:1)
  Josephine (D:12)
  2 centaur warriors
  A tengu warrior (D:13)
  6 two-headed ogres
  A two-headed ogre (shapeshifter) (D:9)
  A boulder beetle (D:12)
  A thrashing horror (Abyss:1)
  A large abomination (Abyss:1)
  A wretched star (Abyss:1)
  Pikel (D:9)
  An ugly thing (D:10)
  A cyclops (D:9)
  A shining eye (Abyss:1)
  4 manticores
  A naga mage (Abyss:1)
  A torpor snail (Lair:1)
  3 cane toads (Lair:1)
  A smoke demon (Abyss:1)
  Psyche (D:12)
  6 unseen horrors
  4 komodo dragons
  A demonic crawler (Abyss:1)
  A tormentor (Abyss:1)
  A freezing wraith (D:9)
  A tengu conjurer (D:9)
  An ancient zyme (Abyss:1)
  A queen bee (shapeshifter) (D:9)
  2 trolls
  A slime creature (D:13)
  A hornet (D:8)
  4 blink frogs (Lair:1)
  A raiju (Abyss:1)
  7 wraiths
  3 vampires
  24 yaks
  5 hogs (D:12)
  4 humans (D:8)
  A basilisk (D:9)
  3 wyverns
  3 chaos spawn (Abyss:1)
  A neqoxec (Abyss:1)
  4 steam dragons (D:9)
  6 vampire mosquitoes
  Edmund (D:6)
  8 water moccasins
  4 small abominations (Abyss:1)
  An ice beast (D:5)
  11 orc warriors
  A swamp drake (D:11)
  2 ogres
  3 black bears
  5 centaurs
  3 wolves (Lair:1)
  3 lemures (D:9)
  7 kobold brigands
  A phantom (D:5)
  A scorpion (D:6)
  6 bullfrogs
  3 necrophages
  2 gnoll sergeants
  8 wights
  16 killer bees
  An electric eel (Lair:1)
  4 howler monkeys
  2 jellies
  3 hounds
  A gnoll bouda (D:10)
  An iron imp (Abyss:1)
  8 orc priests
  4 iguanas
  17 orc wizards
  13 gnolls
  6 adders
  3 shadow imps
  A white imp (D:4)
  2 ufetubi
  3 dart slugs
  83 orcs
  10 endoplasms
  4 giant cockroaches
  4 hobgoblins
  25 kobolds
  2 quokkas
  4 ball pythons
  9 bats
  3 frilled lizards
  7 goblins
  A lurking horror (Abyss:1)
  2 starspawn tentacles (Abyss:1)
427 creatures vanquished.

Vanquished Creatures (others)
  A boggart (D:9)
  41 fungi
  48 plants
  A starspawn tentacle (Abyss:1)
91 creatures vanquished.

Grand Total: 518 creatures vanquished

Notes
Turn   | Place    | Note
-------+----------+-------------------------------------------
     0 | D:1      | Bnni the Demonspawn Fighter began the quest for the Orb.
     0 | D:1      | Reached XP level 1. HP: 18/18 MP: 1/1
    92 | D:1      | Reached skill level 2 in Axes
   127 | D:1      | Gained mutation: When seriously injured, your blood forms
                  | armour. (AC +9) [demonic ancestry]
   127 | D:1      | Reached XP level 2. HP: 24/24 MP: 2/2
   345 | D:1      | You fall into a shaft and drop 1 floor!
   759 | D:1      | Gained mutation: You have a pair of small antennae on your
                  | head. [demonic ancestry]
   759 | D:1      | Reached XP level 3. HP: 28/29 MP: 3/3
  1039 | D:1      | Found a faded altar of an unknown god.
  1152 | D:1      | Prayed at the altar of an unknown god.
  1152 | D:1      | Became a worshipper of Uskayaw the Reveller
  1152 | D:1      | Reached * piety under Uskayaw
  1658 | D:2      | Reached ** piety under Uskayaw
  1703 | D:3      | Reached *** piety under Uskayaw
  1704 | D:3      | Gained mutation: You regenerate magic rapidly. [demonic
                  | ancestry]
  1704 | D:3      | Reached XP level 4. HP: 22/35 MP: 4/4
  2012 | D:3      | Reached skill level 3 in Axes
  2050 | D:3      | Noticed a centaur
  2062 | D:3      | Killed a centaur
  2063 | D:3      | Gained mutation: You have a pair of antennae on your head.
                  | [demonic ancestry]
  2063 | D:3      | Reached XP level 5. HP: 21/42 MP: 5/5
  2262 | D:3      | Found an opulent altar of Gozag.
  2841 | D:4      | Found a staircase to the Ecumenical Temple.
  2942 | D:4      | Reached XP level 6. HP: 25/48 MP: 1/6
  3144 | D:4      | Reached skill level 4 in Axes
  3466 | D:4      | Found a large runed translucent door.
  3469 | D:4      | Found a large runed translucent door.
  3473 | D:4      | Noticed a yak
  3486 | D:4      | Found a large runed translucent door.
  3486 | D:4      | Found a large runed translucent door.
  3519 | D:4      | Noticed a wyvern
  3527 | D:4      | Killed a wyvern
  3528 | D:4      | Reached skill level 5 in Shields
  3528 | D:4      | Reached XP level 7. HP: 20/55 MP: 7/7
  3786 | D:4      | Reached skill level 5 in Axes
  4337 | D:4      | Killed a yak
  4338 | D:4      | Reached skill level 5 in Fighting
  4357 | D:4      | Identified the +1 scale mail of Jeesuw {+Blink rElec}
  4578 | D:5      | Entered Level 5 of the Dungeon
  4664 | D:5      | Reached skill level 6 in Axes
  4664 | D:5      | Reached skill level 1 in Invocations
  4761 | D:5      | Reached XP level 8. HP: 53/60 MP: 7/9
  5134 | D:5      | Found Zycruafuag's Serpentskin Sales.
  5149 | D:5      | Bought 6 curare-tipped darts for 46 gold pieces
  5849 | D:6      | Reached skill level 7 in Axes
  6168 | D:6      | Noticed Edmund
  6181 | D:6      | Killed Edmund
  6854 | D:6      | Gained mutation: Your demonic aura sometimes causes spilled
                  | blood to erupt in flames. [demonic ancestry]
  6854 | D:6      | Reached XP level 9. HP: 71/71 MP: 12/12
  6991 | D:7      | Reached skill level 5 in Invocations
  7059 | D:7      | Reached skill level 8 in Axes
  7783 | D:7      | Reached **** piety under Uskayaw
  8159 | D:8      | Reached skill level 9 in Axes
  8406 | D:8      | Reached ***** piety under Uskayaw
  8451 | D:8      | Gained mutation: Your demonic aura often causes spilled
                  | blood to erupt in flames. [demonic ancestry]
  8451 | D:8      | Reached XP level 10. HP: 34/76 MP: 15/15
  9205 | D:8      | Found a broken altar of Ashenzari.
  9205 | D:8      | Found a shimmering altar of Xom.
  9316 | D:8      | Reached skill level 10 in Axes
  9709 | D:9      | Noticed a centaur warrior
  9726 | D:9      | Killed a centaur warrior
  9930 | D:9      | Noticed a two-headed ogre
  9969 | D:9      | Killed a two-headed ogre
  9970 | D:9      | Reached skill level 11 in Axes
  9988 | D:9      | Noticed Pikel
 10008 | D:9      | Killed Pikel
 10022 | D:9      | Gained mutation: When seriously injured, your blood forms
                  | thick armour. (AC +9) [demonic ancestry]
 10022 | D:9      | Reached XP level 11. HP: 21/89 MP: 14/18
 10492 | D:9      | Got the Quarto of Twisted Gusts
 10593 | D:9      | Found an ornate altar of the Wu Jian Council.
 10597 | D:9      | a merfolk changed into a two-headed ogre
 10597 | D:9      | Noticed a two-headed ogre (shapeshifter)
 10614 | D:9      | Killed a two-headed ogre
 10615 | D:9      | Reached skill level 10 in Invocations
 10686 | D:9      | Noticed a two-headed ogre
 10697 | D:9      | Killed a two-headed ogre
 10804 | D:9      | Noticed a two-headed ogre
 10810 | D:9      | Killed a two-headed ogre
 10983 | D:9      | Reached skill level 12 in Axes
 11207 | D:9      | Noticed a two-headed ogre
 11223 | D:9      | Killed a two-headed ogre
 11327 | D:9      | Found a sacrificial altar of Ru.
 11328 | D:9      | Found a hide-covered altar of Uskayaw.
 11329 | D:9      | Found a basalt altar of Yredelemnul.
 11329 | D:9      | Found a shimmering blue altar of Sif Muna.
 11726 | D:10     | Entered Level 10 of the Dungeon
 11741 | D:10     | Noticed a green ugly thing
 11761 | D:10     | Killed a green ugly thing
 11762 | D:10     | Reached skill level 10 in Fighting
 11871 | D:10     | Found a staircase to the Lair.
 12807 | D:10     | Gained mutation: You have a pair of large antennae on your
                  | head. (SInv) [demonic ancestry]
 12807 | D:10     | Reached XP level 12. HP: 80/98 MP: 20/20
 12942 | D:10     | Reached skill level 13 in Axes
 13522 | D:11     | Noticed a two-headed ogre
 13545 | D:11     | Killed a two-headed ogre
 13628 | D:11     | Found a staircase to the Orcish Mines.
 14361 | D:11     | Found a blossoming altar of Fedhas.
 14540 | D:12     | Noticed Psyche
 14554 | D:12     | Killed Psyche
 14563 | D:12     | Noticed Josephine
 14723 | D:12     | Killed Josephine
 14748 | D:12     | Noticed Kirke
 14770 | D:12     | Killed Kirke
 14771 | D:12     | Reached skill level 14 in Axes
 15555 | D:12     | Noticed a boulder beetle
 15587 | D:12     | Killed a boulder beetle
 16016 | D:13     | Noticed a two-headed ogre
 16024 | D:13     | Killed a two-headed ogre
 16192 | D:13     | Noticed a centaur warrior
 16216 | D:13     | Killed a centaur warrior
 16223 | D:13     | Noticed a fire giant
 16470 | D:13     | Noticed a tengu warrior
 16480 | D:13     | Killed a tengu warrior
 16481 | D:13     | Reached XP level 13. HP: 92/106 MP: 21/23
 16643 | Lair:1   | Entered Level 1 of the Lair of Beasts
 17792 | Lair:2   | Noticed Sonja
 17803 | Abyss:1  | Cast into level 1 of the Abyss (Sonja)
 18231 | Abyss:1  | Reached skill level 15 in Axes
 18320 | Abyss:1  | Noticed a lorocyproca
 18685 | Abyss:1  | HP: 5/108 [large abomination (25)]
 18688 | Abyss:1  | HP: 1/108 [large abomination (12)]
 18811 | Abyss:1  | Gained mutation: You occasionally lose the ability to read
                  | scrolls when taking damage. [a shining eye]
 18901 | Abyss:1  | Noticed a tentacled starspawn
 18911 | Abyss:1  | Killed a tentacled starspawn
 18918 | Abyss:1  | Noticed a profane servitor
 18935 | Abyss:1  | Slain by a profane servitor

Illustrated notes

Levels and vault maps discovered:
D:1:      saegor_arrival_miasma, layout_basic,
          shapermc_ecumenical_altar_hornbeckon
D:2:      layout_basic, grunt_decor_arrowhead
D:3:      layout_basic, grunt_gozag_breadcrumbs, patterned_corridor
D:4:      layout_loops_corners, minmay_temple_entry_large_hall,
          minmay_misc_feat_pillars, grunt_decor_mini_mirrors,
          minmay_hollow_rounded_squares
D:5:      layout_loops_ring, guppyfry_shop_venom
D:6:      nicolae_cairo_tiling, layout_loops_ring, serial_bayou_lagoon_a,
          uniq_edmund
D:7:      layout_loops_ring
D:8:      hangedman_cross_stitches, layout_basic,
          gammafunk_temple_overflow_statue, minmay_ruffians
D:9:      minmay_the_grid_octo_tiled_octocenter [minmay_the_grid_octo_chip,
          minmay_the_grid_octo_fat_diamond,
          minmay_the_grid_octo_tetromino_candy, minmay_the_grid_octo_shrine,
          minmay_the_grid_octo_prize_star,
          minmay_the_grid_square_5x5_three_walls,
          minmay_the_grid_square_5x5_beaten_path, minmay_the_grid_square_5x5_c,
          minmay_the_grid_square_5x5_n], layout_stronghold,
          nicolae_wu_jian_wuxing_cycle, grunt_ministairs_6,
          minmay_misc_feat_rows, minivault_11, uniq_pikel
D:10:     layout_basic, due_lair_maze_entry_diamond, special_room
          [special_room_orc]
D:11:     layout_loops_ring, erik_orc_1, fedhas_altar_3
D:12:     layout_layer_cave, uniq_kirke, uniq_psyche, uniq_josephine
D:13:     minmay_connected_boxes_in_corner, layout_loops_ring, enter_trove_3
Lair:1:   layout_gridlike
Lair:2:   layout_cave_pods, uniq_sonja
Abyss:1:  base:
Lair:2

Skill      XL: |  1  2  3  4  5  6  7  8  9 10 11 12 13 |
---------------+----------------------------------------+-----
Axes           | 2 3 4 6 7 9 11 12 14 15 | 15.3
Shields        | 3 4 5 |  5.0
Fighting       | 4 5 6 7 9 10 11 12 | 12.3
Invocations    | 1 4 7 9 11 13 14 | 14.3
Armour         | |  2.6

Action                   |  1- 3 |  4- 6 |  7- 9 | 10-12 | 13-15 || total
-------------------------+-------+-------+-------+-------+-------++-------
Melee: War axe           |   104 |   100 |   256 |    13 |    65 ||   538
       Dagger            |       |       |   102 |       |       ||   102
       Hand axe          |       |       |    46 |   710 |   254 ||  1010
Throw: Dart              |       |       |     2 |     6 |     2 ||    10
       Throwing net      |       |       |       |       |     1 ||     1
Invok: Line Pass         |       |     1 |     2 |     3 |       ||     6
       Stomp             |       |       |     5 |    10 |       ||    15
       Grand Finale      |       |       |       |     1 |       ||     1
Evoke: Wand              |       |       |     5 |     1 |       ||     6
  Use: Potion            |       |     1 |     8 |     8 |     5 ||    22
       Scroll            |       |     1 |     5 |     7 |     3 ||    16
 Stab: Paralysed         |       |       |    19 |    67 |    13 ||    99
       Confused          |       |       |       |     1 |       ||     1
       Invisible         |       |       |       |       |     1 ||     1
Armor: Scale mail        |    41 |    52 |    51 |       |    89 ||   233
       Chain mail        |       |       |    27 |       |       ||    27
       Plate armour      |       |       |   142 |   403 |    40 ||   585
       Skin              |       |       |       |    29 |       ||    29
Dodge: Dodged            |    46 |    58 |   139 |   108 |    70 ||   421
       Repelled          |       |       |       |       |     1 ||     1
Block: Buckler           |    22 |    26 |   105 |   117 |    74 ||   344

Table legend: (Time is in decaauts)
 A = Elapsed time spent in this place.
 B = Non-inter-level travel time spent in this place.
 C = Inter-level travel time spent in this place.
 D = Time resting spent in this place.
 E = Time spent auto-exploring this place.
 F = Levels seen in this place.
 G = Mean time per level.
                   A        B        C        D        E       F      G
               +--------+--------+--------+--------+--------+-----+--------+
         Total |  18824 |  18172 |    652 |   2382 |  12366 |  16 | 1176.5 |
       Dungeon |  16618 |  16014 |    604 |   1755 |  11450 |  13 | 1278.3 |
          Lair |   1131 |   1083 |     48 |      0 |    916 |   2 |  565.5 |
         Abyss |   1074 |   1074 |      0 |    627 |      0 |   1 | 1074.0 |
               +--------+--------+--------+--------+--------+-----+--------+

Top non-repeatable levels by time:
     D:9: 1943 daAuts
     D:4: 1770 daAuts
     D:8: 1693 daAuts
    D:11: 1470 daAuts
    D:10: 1401 daAuts
    D:12: 1389 daAuts
     D:6: 1249 daAuts
     D:3: 1172 daAuts
     D:1: 1160 daAuts
     D:5: 1130 daAuts
     D:7: 1124 daAuts
  Lair:1: 1097 daAuts
 Abyss:1: 1074 daAuts
     D:2: 584 daAuts
    D:13: 529 daAuts
